[Event "Titled Tuesday Blitz June 13 Early 2023"]
[White "Ozalp, Burak"]
[Black "Chernomordik, Pavel"]
[WhiteFideId "6314210"]
[BlackFideId "2804530"]
[WhiteElo "2106"]
[BlackElo "2193"]
[Result "1-0"]
[Round "4"]
[TimeControl "180+2"]
[Date "2023.06.13"]
[WhiteClock "0:00:05"]
[BlackClock "0:00:00"]
[Board "154"]

1. Nf3 g6 2. d4 Bg7 3. g3 d6 4. Bg2 Nf6 5. O-O O-O 6. a4 a5 7. Nc3 c6 8. e4 Na6 9. h3 Nd7 10. Be3 e5 11. Qd2 Re8 12. Rad1 Qe7 13. Rfe1 Nb4 14. Kh2 b6 15. Bf1 Bb7 16. dxe5 Nxe5 17. Nxe5 dxe5 18. Bc4 c5 19. Bg5 Bf6 20. Bh6 Rad8 21. Qe2 Bg5 22. Bxg5 Qxg5 23. Nb5 Qe7 24. c3 Nc6 25. Rxd8 Rxd8 26. Rd1 Kg7 27. Qf3 f6 28. Qe2 Rxd1 29. Qxd1 Qd8 30. Qd5 Qxd5 31. exd5 Nd8 32. Nd6 Kf8 33. Nxb7 Nxb7 34. Kg2 Nd6 35. Bd3 f5 36. f3 Ke7 37. Kf2 Ne8 38. Ke3 Kd6 39. c4 Nf6 40. Bc2 Nh5 41. Kf2 Ng7 42. Ke3 Ne8 43. Kf2 Nc7 44. Ke3 Na6 45. Bb1 Nc7 46. Kf2 Ke7 47. Ke3 Ne8 48. Bc2 Nd6 49. b3 Kf6 50. Bd3 g5 51. g4 h6 52. Bxf5 Nxf5+ 53. gxf5 Kxf5 54. Kd3 h5 55. Ke3 Kf6 56. Ke4 h4 57. Kd3 Kf5 58. Ke3 Kf6 59. Ke4 1-0


[Site "https://www.chess.com"]

[Event "Titled Tuesday Blitz June 13 Early 2023"]
[White "Ciorgovean, Iustin"]
[Black "Yonal, Timur"]
[WhiteFideId "1242911"]
[BlackFideId "44115725"]
[WhiteElo "2186"]
[BlackElo "1966"]
[Result "1-0"]
[Round "4"]
[TimeControl "180+2"]
[Date "2023.06.13"]
[WhiteClock "0:00:44"]
[BlackClock "0:00:11"]
[Board "155"]

1. e4 c5 2. Nf3 d6 3. Bc4 Nf6 4. d3 e6 5. O-O Be7 6. Bb3 O-O 7. c3 a6 8. Re1 Nc6 9. Nbd2 b5 10. Nf1 Bb7 11. Ng3 d5 12. e5 Nd7 13. d4 cxd4 14. cxd4 Re8 15. Bf4 Rc8 16. Rc1 Qb6 17. h4 a5 18. Bc2 Nf8 19. Bb1 a4 20. Bg5 Bb4 21. Re2 h6 22. Be3 a3 23. b3 Be7 24. Rec2 Nb4 25. Rxc8 Rxc8 26. Rxc8 Bxc8 27. h5 Qc7 28. Qc1 Qxc1+ 29. Bxc1 Na6 30. Ne2 Nd7 31. Nc3 b4 32. Na4 Bb7 33. Bd3 Nab8 34. Ne1 Bc6 35. f4 Kf8 36. Kf1 Ke8 37. Ke2 Kd8 38. Nc2 Bxa4 39. bxa4 Nc6 40. Bb5 Kc7 41. Bd2 b3 42. axb3 a2 43. Bc3 Bb4 44. Bb2 Na5 45. Bxd7 Kxd7 46. Nxb4 Nxb3 47. Nc2 Kc7 48. Kd3 Kb6 49. Kc3 Na5 50. Nb4 Nc4 51. Nxa2 Ka5 52. Bc1 Kxa4 53. Nb4 Nb6 54. Nc6 Nc4 55. Nd8 Nb6 56. Nxf7 Nc4 57. Nd8 Nb6 58. Nxe6 Nc4 59. Nxg7 Nb6 60. Nf5 Nc4 61. Nxh6 Nb6 62. f5 Nc4 63. f6 Nb6 64. f7 Nc4 65. f8=Q Nb6 66. Qb4# 1-0


[Site "https://www.chess.com"]

[Event "Titled Tuesday Blitz June 13 Early 2023"]
[White "Bilan, Danila"]
[Black "Goldin, Roman"]
[WhiteFideId "24161918"]
[BlackFideId "2803860"]
[WhiteElo "2146"]
[BlackElo "2312"]
[Result "0-1"]
[Round "4"]
[TimeControl "180+2"]
[Date "2023.06.13"]
[WhiteClock "0:00:06"]
[BlackClock "0:00:05"]
[Board "156"]

1. d4 Nf6 2. Nf3 b5 3. e3 a6 4. c4 bxc4 5. Bxc4 e6 6. Nc3 Be7 7. O-O d5 8. Be2 O-O 9. Ne5 c5 10. f4 Bb7 11. Rf3 cxd4 12. exd4 Ne4 13. Rh3 f6 14. Bg4 Qd6 15. Nxe4 dxe4 16. Nc4 Qd7 17. Nb6 Qc6 18. Nxa8 Bxa8 19. Be3 f5 20. Be2 Nd7 21. Rc1 Qd6 22. Bc4 Nb6 23. Bb3 Bd5 24. Qh5 h6 25. Qg6 Bxb3 26. axb3 Nd5 27. Bd2 Rf6 28. Qe8+ Rf8 29. Qg6 Qb6 30. Rxh6 Qxd4+ 31. Kh1 Nf6 32. Rf1 Qxd2 33. Rh3 e3 34. Rg3 Rf7 35. Rg1 e2 36. h4 e1=Q 37. Rxe1 Qxe1+ 38. Kh2 Qf2 39. h5 Qxf4 40. h6 Qh4+ 41. Rh3 Qf4+ 42. g3 Qf2+ 43. Kh1 Ng4 44. h7+ Kh8 45. Qxf7 Qf1# 0-1


[Site "https://www.chess.com"]

[Event "Titled Tuesday Blitz June 13 Early 2023"]
[White "Fernandez Siles, Luis"]
[Black "Berezin, Viktor"]
[WhiteFideId "2209420"]
[BlackFideId "14107872"]
[WhiteElo "2195"]
[BlackElo "2310"]
[Result "0-1"]
[Round "4"]
[TimeControl "180+2"]
[Date "2023.06.13"]
[WhiteClock "0:00:00"]
[BlackClock "0:00:11"]
[Board "157"]

1. d4 Nf6 2. c4 e6 3. Nf3 b6 4. a3 Bb7 5. Nc3 Be7 6. Qc2 O-O 7. e4 d6 8. Be2 Nbd7 9. O-O e5 10. d5 a5 11. h3 Nc5 12. Be3 Nfd7 13. b4 axb4 14. axb4 Na6 15. Qb3 g6 16. Bh6 Re8 17. g4 Bf8 18. Bg5 Be7 19. Bh6 Bc8 20. Kh2 Bf8 21. Bg5 f6 22. Be3 Bg7 23. Qb2 f5 24. gxf5 gxf5 25. b5 f4 26. Bd2 Qf6 27. Rg1 Qh6 28. bxa6 Nf6 29. Ng5 Qh4 30. Rg2 h6 31. Ne6 Rxe6 32. dxe6 Bxe6 33. f3 Bxh3 34. Rh1 Bxg2+ 35. Kxg2 Qg5+ 36. Kf1 Nh5 37. Be1 Ng3+ 38. Bxg3 fxg3 39. Kg2 h5 40. c5 dxc5 41. Bc4+ Kh7 42. Nd5 h4 43. Qc1 Qd8 44. Qe3 c6 45. Nc3 Bh6 46. Qd3 Qe7 47. Ne2 Rd8 48. Qc2 Rd2 49. Qxd2 Bxd2 50. a7 Qxa7 51. Rxh4+ Kg6 0-1


[Site "https://www.chess.com"]

[Event "Titled Tuesday Blitz June 13 Early 2023"]
[White "Pham, Le Thao Nguyen"]
[Black "Chuemsakul, Sarocha"]
[WhiteFideId "12401226"]
[BlackFideId "6203710"]
[WhiteElo "2286"]
[BlackElo "1686"]
[Result "1-0"]
[Round "4"]
[TimeControl "180+2"]
[Date "2023.06.13"]
[WhiteClock "0:00:05"]
[BlackClock "0:00:00"]
[Board "158"]

1. d4 g6 2. c4 Bg7 3. Nc3 d6 4. e4 Nc6 5. Be3 e5 6. d5 Nd4 7. Nge2 Nxe2 8. Bxe2 Nf6 9. c5 a6 10. O-O O-O 11. Rc1 Re8 12. b4 Bf8 13. h3 c6 14. dxc6 bxc6 15. cxd6 Bxd6 16. Qa4 Qe7 17. Rb1 Bd7 18. Qa5 Reb8 19. Bc5 Bxc5 20. bxc5 Be6 21. Rb6 Nd7 22. Rxb8+ Rxb8 23. Na4 Bxa2 24. Qxa6 Bb3 25. Qxc6 Bxa4 26. Qxa4 Nxc5 27. Qc4 Qd6 28. Rd1 Qb6 29. Qd5 Ne6 30. Bc4 Rb7 31. Qxe5 Qc6 32. Bxe6 Qxe6 33. Rd8+ 1-0


[Site "https://www.chess.com"]

[Event "Titled Tuesday Blitz June 13 Early 2023"]
[White "De La Villa Garcia, Jesus Maria"]
[Black "Cruz Mendez, Jean Marco"]
[WhiteFideId "2200040"]
[BlackFideId "3526402"]
[WhiteElo "2354"]
[BlackElo "2064"]
[Result "0-1"]
[Round "4"]
[TimeControl "180+2"]
[Date "2023.06.13"]
[WhiteClock "0:00:00"]
[BlackClock "0:01:13"]
[Board "159"]

1. c4 e5 2. Nc3 Nc6 3. Nf3 Nf6 4. g3 Bc5 5. Bg2 a6 6. O-O Ba7 7. a3 d6 8. b4 O-O 9. d3 h6 10. Nd5 Nxd5 11. cxd5 Nd4 12. Bb2 Nxf3+ 13. Bxf3 Bf5 14. Rc1 Qd7 15. d4 e4 16. Bg2 Rfe8 17. e3 Rac8 18. Qb3 Bh3 19. Rc2 Bxg2 20. Kxg2 Qg4 21. Rfc1 Bb8 22. b5 a5 23. a4 b6 24. Ba3 Rcd8 25. Qc4 h5 26. h4 f5 27. Qe2 Qg6 28. Rxc7 Bxc7 29. Rxc7 Rc8 30. Rc6 Rxc6 31. bxc6 f4 32. exf4 e3 33. fxe3 Qe4+ 34. Qf3 Qc2+ 35. Kh3 Qf5+ 36. Kg2 Qd3 37. Bxd6 Rxe3 38. c7 Rxf3 39. c8=Q+ Kh7 40. Kh2 Rf2+ 0-1


[Site "https://www.chess.com"]

[Event "Titled Tuesday Blitz June 13 Early 2023"]
[White "Slavin, Alexey"]
[Black "Tokman, Ariel"]
[WhiteFideId "24104388"]
[BlackFideId "117420"]
[WhiteElo "2264"]
[BlackElo "2263"]
[Result "0-1"]
[Round "4"]
[TimeControl "180+2"]
[Date "2023.06.13"]
[WhiteClock "0:00:56"]
[BlackClock "0:01:31"]
[Board "160"]

1. e4 e6 2. Nf3 d5 3. e5 c5 4. b4 b6 5. a3 Nc6 6. c3 a5 7. b5 Nce7 8. a4 h5 9. d4 Nf5 10. Bd3 Ngh6 11. h3 Be7 12. Na3 Bd7 13. Nc2 c4 14. Be2 f6 15. Ne3 g6 16. exf6 Bxf6 17. O-O O-O 18. Nxf5 Nxf5 19. Bf4 Qe7 20. Be5 Nd6 21. Qc1 Ne4 22. Bd1 Bg7 23. Bc2 Nxc3 24. Bxg6 Ne2+ 25. Kh1 Nxc1 26. Raxc1 Rxf3 27. gxf3 Bxe5 28. dxe5 Qh4 29. Kh2 Kh8 30. Rg1 Qf4+ 31. Rg3 Qxc1 0-1


[Site "https://www.chess.com"]

[Event "Titled Tuesday Blitz June 13 Early 2023"]
[White "Mayaud, Raphael"]
[Black "Aggelis, Nikolaos"]
[WhiteFideId "627151"]
[BlackFideId "4213220"]
[WhiteElo "2191"]
[BlackElo "2189"]
[Result "1-0"]
[Round "4"]
[TimeControl "180+2"]
[Date "2023.06.13"]
[WhiteClock "0:00:36"]
[BlackClock "0:00:00"]
[Board "161"]

1. d4 f5 2. g3 Nf6 3. Bg2 g6 4. c4 Bg7 5. Nc3 O-O 6. Nh3 d6 7. d5 c6 8. Nf4 Kh8 9. O-O Na6 10. h4 Nc7 11. dxc6 bxc6 12. Bxc6 Rb8 13. Qc2 e5 14. Nfd5 Ncxd5 15. Bxd5 Nxd5 16. Nxd5 f4 17. b3 Bh3 18. Rd1 e4 19. Bb2 e3 20. Bxg7+ Kxg7 21. Qc3+ Kh6 22. Nxf4 exf2+ 23. Kxf2 Bg4 24. Rd5 Qe7 25. Qe3 Qg7 26. Rad1 Rbe8 27. Qc1 Bxe2 28. Kg1 Qf6 29. Nh5+ 1-0


[Site "https://www.chess.com"]

[Event "Titled Tuesday Blitz June 13 Early 2023"]
[White "Gomes, Luiz Alexandre de Souza"]
[Black "drdaro"]
[WhiteFideId "2102790"]
[WhiteElo "2503"]
[BlackElo "2335"]
[Result "1-0"]
[Round "4"]
[TimeControl "180+2"]
[Date "2023.06.13"]
[WhiteClock "0:00:50"]
[BlackClock "0:00:00"]
[Board "162"]

1. e4 g6 2. d4 d6 3. Nf3 Nf6 4. Nc3 a6 5. h3 b5 6. a3 Bg7 7. Bd3 O-O 8. O-O c5 9. dxc5 dxc5 10. e5 Nfd7 11. e6 fxe6 12. Qe2 Nf6 13. Rd1 Qc7 14. Ng5 e5 15. Be4 Nc6 16. Nd5 Nxd5 17. Bxd5+ Kh8 18. c3 Bb7 19. Ne6 Qb6 20. Be3 Nd4 21. cxd4 Bxd5 22. Nxf8 exd4 23. Nd7 Qc6 24. Nxc5 Qxc5 25. Rac1 Qb6 26. Bf4 Bc4 27. Qxe7 Qf6 28. Qxf6 Bxf6 29. Re1 1-0


[Site "https://www.chess.com"]

[Event "Titled Tuesday Blitz June 13 Early 2023"]
[White "Ardila, Oscar Humberto"]
[Black "Balla, Tamas-Kristof"]
[WhiteFideId "4404742"]
[BlackFideId "1208497"]
[WhiteElo "1912"]
[BlackElo "2334"]
[Result "1/2-1/2"]
[Round "4"]
[TimeControl "180+2"]
[Date "2023.06.13"]
[WhiteClock "0:00:12"]
[BlackClock "0:00:09"]
[Board "163"]

1. d4 d5 2. c4 e6 3. Nc3 c5 4. cxd5 exd5 5. Nf3 Nc6 6. Bg5 Be7 7. Bxe7 Ngxe7 8. e3 Bg4 9. Be2 c4 10. h3 Bh5 11. O-O O-O 12. b3 cxb3 13. Qxb3 Qc7 14. Rac1 a6 15. Nxd5 Nxd5 16. Qxd5 Bg6 17. Ne5 Rad8 18. Qc5 Be4 19. f3 Bd5 20. e4 Bxa2 21. Nxc6 bxc6 22. Bxa6 Be6 23. d5 Bxh3 24. Qxc6 Qg3 25. Rf2 Rd6 26. Qc7 Qg5 27. Qxd6 Qxc1+ 28. Kh2 Bc8 29. Bxc8 Rxc8 30. Ra2 g6 31. Qe5 Qh6+ 32. Kg3 Qe3 33. Rb2 h5 34. Rb8 Qe1+ 35. Kh2 Qh4+ 36. Kg1 Qe1+ 37. Kh2 Qh4+ 38. Kg1 Qe1+ 39. Kh2 1/2-1/2


[Site "https://www.chess.com"]

[Event "Titled Tuesday Blitz June 13 Early 2023"]
[White "Aarav Dengla"]
[Black "Simonovic, Miroslav"]
[WhiteFideId "45059756"]
[BlackFideId "919152"]
[WhiteElo "2288"]
[BlackElo "2075"]
[Result "1-0"]
[Round "4"]
[TimeControl "180+2"]
[Date "2023.06.13"]
[WhiteClock "0:00:12"]
[BlackClock "0:00:35"]
[Board "164"]

1. e4 c5 2. Nf3 Nc6 3. b3 e5 4. Bb2 d6 5. a3 g6 6. b4 Bg7 7. Bb5 Ne7 8. bxc5 O-O 9. cxd6 Qxd6 10. O-O a6 11. Be2 h6 12. a4 Be6 13. Na3 Rfd8 14. Nc4 Qc7 15. Ne3 Rac8 16. Bc4 Nd4 17. Bxe6 Nxe6 18. Ba3 Nd4 19. Bxe7 Qxe7 20. Nd5 Nxf3+ 21. Qxf3 Rxd5 22. exd5 e4 23. Qb3 Bxa1 24. Rxa1 Qc7 25. c3 Kg7 26. Rb1 Rd8 27. c4 Rd7 28. Qc3+ Kh7 29. Qd4 f5 30. Rb6 Rg7 31. c5 h5 32. h4 Qe7 33. Rf6 Qd7 34. Kh2 Qxa4 35. Qxa4 Rd7 36. Qd4 Kh6 37. d6 b5 38. Qe3+ Kg7 39. Qg5 Rf7 40. Qxg6+ Kf8 41. Qxf7# 1-0


[Site "https://www.chess.com"]

[Event "Titled Tuesday Blitz June 13 Early 2023"]
[White "Mrithyunjay Mahadevan"]
[Black "Bashkansky, Ethan"]
[WhiteFideId "45003521"]
[BlackFideId "2071533"]
[WhiteElo "1626"]
[BlackElo "2307"]
[Result "0-1"]
[Round "4"]
[TimeControl "180+2"]
[Date "2023.06.13"]
[WhiteClock "0:00:19"]
[BlackClock "0:00:05"]
[Board "165"]

1. Nf3 f5 2. d4 Nf6 3. Bg5 e6 4. c4 Be7 5. Nc3 O-O 6. h4 Qe8 7. Bxf6 Bxf6 8. e4 d6 9. Bd3 Nc6 10. Bc2 e5 11. d5 Nd4 12. Qd2 Nxf3+ 13. gxf3 Qh5 14. Qe2 Bxh4 15. O-O-O Bg5+ 16. Kb1 Qf7 17. Rdg1 h6 18. exf5 Bxf5 19. Ne4 Bxe4 20. Qxe4 Qf4 21. Qh7+ Kf7 22. Qg6+ Kg8 23. Qh7+ Kf7 24. Bg6+ Kf6 25. Be4 Kf7 26. Bg6+ Kf6 27. Bh5 Rg8 28. Qg6+ Ke7 29. Qe6+ Kf8 30. Qd7 g6 31. Bg4 Rg7 32. Qb5 Rb8 33. Qa4 a6 34. Qb3 Re7 35. Re1 Kg7 36. Re4 Qf6 37. Qd3 b6 38. Qa3 a5 39. b4 axb4 40. Qxb4 Rf8 41. a4 Qf7 42. Kc2 Qe8 43. Qb3 Rf4 44. Rhe1 Rxe4 45. fxe4 Rf7 46. f3 Qe7 47. Be6 Rf8 48. Kd1 Re8 49. Ke2 Qf8 50. Ra1 Qf4 51. Ra2 Rf8 52. a5 bxa5 53. Rxa5 Qd2+ 54. Kf1 Qxa5 55. Qb7 Qb6 0-1


[Site "https://www.chess.com"]

[Event "Titled Tuesday Blitz June 13 Early 2023"]
[White "Hnydiuk, Aleksander"]
[Black "Wieczorek, Zbigniew"]
[WhiteFideId "1109057"]
[BlackFideId "1102001"]
[WhiteElo "2374"]
[BlackElo "2303"]
[Result "1-0"]
[Round "4"]
[TimeControl "180+2"]
[Date "2023.06.13"]
[WhiteClock "0:01:14"]
[BlackClock "0:00:04"]
[Board "166"]

1. e4 g6 2. d4 Bg7 3. Nc3 c6 4. Nf3 d6 5. Be3 Nf6 6. Qd2 b5 7. Bd3 Nbd7 8. O-O e5 9. a4 b4 10. Ne2 a5 11. c3 bxc3 12. bxc3 O-O 13. Ng3 Ba6 14. Bxa6 Rxa6 15. Rfb1 Qc7 16. Qd3 Ra7 17. dxe5 dxe5 18. Bxa7 Qxa7 19. Nd2 Nc5 20. Qd6 Ng4 21. Rf1 Bf6 22. Qxc6 Rd8 23. Nc4 Nd3 24. Qb6 Qe7 25. Rad1 Bh4 26. Ne3 Bxg3 27. hxg3 Ngxf2 28. Rxf2 1-0


[Site "https://www.chess.com"]

[Event "Titled Tuesday Blitz June 13 Early 2023"]
[White "Bommini Mounika Akshaya"]
[Black "Bagwe Gaurang"]
[WhiteFideId "25019872"]
[BlackFideId "45039895"]
[WhiteElo "2087"]
[BlackElo "1847"]
[Result "0-1"]
[Round "4"]
[TimeControl "180+2"]
[Date "2023.06.13"]
[WhiteClock "0:00:00"]
[BlackClock "0:00:14"]
[Board "167"]

1. d4 d5 2. Bf4 g6 3. e3 Bg7 4. h4 Nf6 5. Nc3 O-O 6. Bd3 b6 7. h5 Bf5 8. Bxf5 gxf5 9. h6 Bh8 10. Rh3 Re8 11. Rg3+ Kf8 12. Be5 Nbd7 13. Nf3 e6 14. Ng5 Ke7 15. Bf4 a6 16. Qf3 b5 17. O-O-O Qc8 18. e4 fxe4 19. Ncxe4 dxe4 20. Nxe4 Nxe4 21. Qxe4 Nf6 22. Qc6 Qd7 23. Qc5+ Kd8 24. Rc3 Rc8 25. Ra3 Nd5 26. Bg3 Ra8 27. c4 bxc4 28. Qxc4 Nb6 29. Qc5 Bf6 30. Rc3 Nd5 31. Rc2 Be7 32. Qc4 Bd6 33. Bh4+ f6 34. Kb1 Qb5 35. Rdc1 Qxc4 36. Rxc4 Kd7 37. Rc6 Rg8 38. g3 Rg4 39. R6c4 Rb8 40. b3 Re4 41. R1c2 a5 42. Kc1 Ba3+ 43. Kd1 Bd6 44. Kd2 Rb4 45. Kd3 Re1 46. Rc6 Rd1+ 47. Ke2 Rbxd4 48. R6c4 Rxc4 49. bxc4 Rd4 50. cxd5 Rxd5 51. Bxf6 a4 52. Bg7 a3 53. Rd2 Rb5 54. Rd3 Ke7 55. Bc3 e5 56. Re3 Ke6 57. f4 Rc5 58. fxe5 Be7 59. Kf3 Rc4 60. Bd2 Rc2 61. Bb4 Bxb4 62. Rb3 Be7 0-1


[Site "https://www.chess.com"]

[Event "Titled Tuesday Blitz June 13 Early 2023"]
[White "Vila Dupla, Aurelio"]
[Black "Mika, Tomasz"]
[WhiteFideId "2203383"]
[BlackFideId "1132970"]
[WhiteElo "2009"]
[BlackElo "2186"]
[Result "1-0"]
[Round "4"]
[TimeControl "180+2"]
[Date "2023.06.13"]
[WhiteClock "0:00:07"]
[BlackClock "0:00:05"]
[Board "168"]

1. Nf3 d5 2. d4 Bg4 3. Ne5 Bf5 4. c4 dxc4 5. Nc3 e6 6. e4 Bg6 7. h4 Bb4 8. Qa4+ Nc6 9. Nxc6 Bxc3+ 10. bxc3 Qd7 11. Qxc4 Qxc6 12. Qxc6+ bxc6 13. f3 f6 14. Ba6 Rb8 15. Ba3 Kd7 16. Kd2 Ne7 17. Bc5 Rb2+ 18. Kd3 Rxg2 19. Rhb1 f5 20. Bxe7 fxe4+ 21. fxe4 Kxe7 22. Rb7 Kd7 23. Rxa7 Rf8 24. Re1 Rg3+ 25. Re3 Rg2 26. Kc4 Rff2 27. a4 Ra2 28. Bb7 Rg4 29. Kc5 Rxh4 30. Bxc6+ Kd8 31. Rf3 Rh5+ 32. e5 Bf5 33. Ra8+ Ke7 34. Rc8 g5 35. Rxc7+ Kd8 36. Rd7+ Kc8 37. Rg7 g4 38. Rf1 Rh3 39. c4 Rb3 40. Rg8+ Kc7 41. Rg7+ Kc8 42. Rg8+ Kc7 43. Rg7+ Kb8 44. Rg8+ Ka7 45. Ra8# 1-0


[Site "https://www.chess.com"]

[Event "Titled Tuesday Blitz June 13 Early 2023"]
[White "Petukhov, Dmitry"]
[Black "agvania123"]
[WhiteFideId "4142748"]
[WhiteElo "2311"]
[BlackElo "2260"]
[Result "1-0"]
[Round "4"]
[TimeControl "180+2"]
[Date "2023.06.13"]
[WhiteClock "0:01:16"]
[BlackClock "0:00:15"]
[Board "169"]

1. e4 d5 2. exd5 Qxd5 3. c4 Qd8 4. d4 Nf6 5. Nc3 g6 6. Nf3 Bg7 7. Be2 O-O 8. O-O c6 9. Bg5 Bg4 10. h3 Bxf3 11. Bxf3 h6 12. Bh4 Nbd7 13. Re1 e6 14. d5 cxd5 15. cxd5 exd5 16. Nxd5 g5 17. Bg3 Nxd5 18. Qxd5 Nf6 19. Qxb7 Rc8 20. Qxa7 Qd2 21. Be5 Ne8 22. Rad1 Qc2 23. Be4 Qc4 24. b3 Qb4 25. Bxg7 Nxg7 26. Bd5 Kh8 27. Bc4 Rfe8 28. Rxe8+ Rxe8 29. Qxf7 Re1+ 30. Kh2 Qb8+ 31. g3 Rxd1 32. Qg6 Rd2 33. Qxh6# 1-0


[Site "https://www.chess.com"]

[Event "Titled Tuesday Blitz June 13 Early 2023"]
[White "EdmundPlayer"]
[Black "Ladan, Nicholas"]
[BlackFideId "30918855"]
[WhiteElo "2244"]
[BlackElo "2167"]
[Result "0-1"]
[Round "4"]
[TimeControl "180+2"]
[Date "2023.06.13"]
[WhiteClock "0:00:17"]
[BlackClock "0:00:08"]
[Board "170"]

1. e4 e5 2. Nf3 Nc6 3. Bb5 a6 4. Bxc6 dxc6 5. O-O Qf6 6. d4 exd4 7. Qxd4 Qxd4 8. Nxd4 Bd7 9. Nc3 O-O-O 10. Be3 c5 11. Nf5 g6 12. Ng3 b6 13. a4 a5 14. Rfd1 Bg7 15. Nge2 Ne7 16. Rd2 Nc6 17. Rad1 Be6 18. Nd5 Kb7 19. c3 Ne5 20. Nef4 Nc4 21. Re2 c6 22. Nxe6 fxe6 23. Bg5 exd5 24. Bxd8 Rxd8 25. exd5 Be5 26. dxc6+ Kc7 27. Rxd8 Kxd8 28. b3 Bxc3 29. bxc4 Kc7 30. Re7+ Kxc6 31. Rxh7 Kd6 32. Rh6 Ke5 33. Rxg6 Kd4 34. Rg4+ Kd3 35. Rg3+ Kxc4 36. h4 Ba1 37. h5 Kb4 38. Rg6 Kxa4 39. Rxb6 c4 40. h6 c3 41. Rc6 Kb3 42. g4 c2 43. g5 Bc3 44. Rxc3+ Kxc3 45. h7 c1=Q+ 46. Kh2 Qf4+ 47. Kh3 Qf5+ 48. Kh4 Qxh7+ 49. Kg4 Qe4+ 50. f4 Kd4 51. Kh5 Qh7+ 52. Kg4 Ke4 53. f5 Qxf5+ 54. Kh5 Qh7+ 55. Kg4 Qg6 56. Kh4 Kf4 57. Kh3 Qxg5 58. Kh2 Kf3 59. Kh1 Qg2# 0-1


[Site "https://www.chess.com"]

[Event "Titled Tuesday Blitz June 13 Early 2023"]
[White "rionelG"]
[Black "Ronka, Erik"]
[BlackFideId "505080"]
[WhiteElo "2234"]
[BlackElo "2264"]
[Result "0-1"]
[Round "4"]
[TimeControl "180+2"]
[Date "2023.06.13"]
[WhiteClock "0:00:00"]
[BlackClock "0:00:27"]
[Board "171"]

1. e4 a6 2. d3 c5 3. g3 g6 4. Bg2 Bg7 5. Nf3 e6 6. O-O Ne7 7. Re1 Nbc6 8. a4 O-O 9. e5 Rb8 10. Nbd2 b5 11. axb5 axb5 12. Ne4 Qb6 13. Be3 Nd4 14. c3 Nxf3+ 15. Qxf3 Qc7 16. Bxc5 Nf5 17. d4 Rd8 18. Ra7 Bb7 19. Rxb7 Rxb7 20. Nf6+ Bxf6 21. Qxb7 Qxb7 22. Bxb7 Be7 23. b4 Rb8 24. Be4 d6 25. exd6 Nxd6 26. Bc6 Kf8 27. Ra1 Kg7 28. Ra7 Kf6 29. Rd7 Nf5 30. Kf1 Rc8 31. Bxb5 Ra8 32. Bd3 Bxc5 33. dxc5 Ne7 34. c6 Nxc6 35. Be4 Ra1+ 36. Kg2 Ne5 37. b5 Nxd7 0-1


[Site "https://www.chess.com"]

[Event "Titled Tuesday Blitz June 13 Early 2023"]
[White "Turzo, Attila"]
[Black "Acikel, Mert"]
[WhiteFideId "704954"]
[BlackFideId "12956465"]
[WhiteElo "2484"]
[BlackElo "2097"]
[Result "1-0"]
[Round "4"]
[TimeControl "180+2"]
[Date "2023.06.13"]
[WhiteClock "0:00:50"]
[BlackClock "0:00:00"]
[Board "172"]

1. d4 d5 2. c4 e6 3. Nf3 Nf6 4. g3 Be7 5. Bg2 O-O 6. O-O dxc4 7. Qc2 b5 8. b3 cxb3 9. axb3 Bb7 10. Ba3 a6 11. Nbd2 Bxa3 12. Rxa3 Nbd7 13. Rc1 Rc8 14. b4 Nb6 15. e3 Nfd5 16. Qb1 Qd6 17. Rb3 h6 18. Ne4 Qe7 19. Nc5 c6 20. e4 Nf6 21. e5 Nfd5 22. Nd2 Rfd8 23. Nde4 Nc4 24. Bf1 Ndb6 25. Rd1 Rc7 26. Rc3 Bc8 27. Rf3 Ra7 28. Qc1 a5 29. bxa5 Rxa5 30. g4 Qh4 31. Rg3 Qe7 32. g5 hxg5 33. Rxg5 Nd5 34. Rd3 Nf4 35. Rdg3 Ng6 36. h4 Rxd4 37. h5 1-0


[Site "https://www.chess.com"]

[Event "Titled Tuesday Blitz June 13 Early 2023"]
[White "Escudero Donoso, Felipe"]
[Black "Hristodoulou, Panagiotis"]
[WhiteFideId "3410595"]
[BlackFideId "4214340"]
[WhiteElo "2184"]
[BlackElo "2272"]
[Result "0-1"]
[Round "4"]
[TimeControl "180+2"]
[Date "2023.06.13"]
[WhiteClock "0:00:00"]
[BlackClock "0:00:37"]
[Board "173"]

1. d4 Nf6 2. c4 e6 3. Nf3 Bb4+ 4. Bd2 a5 5. g3 d6 6. Bg2 Nbd7 7. O-O e5 8. e3 Bxd2 9. Nbxd2 O-O 10. Qc2 Qe7 11. a3 a4 12. Nb1 c5 13. dxe5 dxe5 14. Nc3 Nb6 15. Rfd1 Bg4 16. h3 Bh5 17. g4 Bg6 18. Qe2 Rfd8 19. Nh4 Qe6 20. Nxg6 hxg6 21. g5 Nh7 22. Nd5 Nxd5 23. cxd5 Qd6 24. h4 Rdb8 25. Qb5 Ra6 26. Rac1 Rc8 27. Qxb7 Rc7 28. Qb8+ Nf8 29. Qb5 Nd7 30. Bh3 f5 31. Rc2 e4 32. Rdc1 Kh7 33. Bf1 Rb6 34. Qe2 Ne5 35. Bg2 c4 36. Qd2 Rb3 37. Qd4 Rd3 0-1


[Site "https://www.chess.com"]

[Event "Titled Tuesday Blitz June 13 Early 2023"]
[White "Khamdamova, Afruza"]
[Black "Xavier_mompel"]
[WhiteFideId "14210444"]
[WhiteElo "2312"]
[BlackElo "2204"]
[Result "1-0"]
[Round "4"]
[TimeControl "180+2"]
[Date "2023.06.13"]
[WhiteClock "0:01:29"]
[BlackClock "0:00:06"]
[Board "174"]

1. e4 c5 2. Nf3 e6 3. d4 cxd4 4. Nxd4 Nc6 5. Nc3 Qc7 6. Be2 a6 7. O-O Nf6 8. Be3 Be7 9. f4 d6 10. Kh1 O-O 11. Qe1 Nxd4 12. Bxd4 e5 13. Be3 exf4 14. Bxf4 Be6 15. Rd1 Rad8 16. Qg3 Kh8 17. Rd2 Rd7 18. Bd3 Nh5 19. Qf3 Nxf4 20. Qxf4 Bf6 21. Nd5 Bxd5 22. exd5 Be5 23. Qh4 h6 24. c3 Re7 25. Rdf2 f6 26. Qe4 g5 27. Qg6 Rg7 28. Qxh6+ Kg8 29. Bg6 Qe7 30. Rf3 Bf4 31. Rh3 Rxg6 32. Qh8+ Kf7 33. Rh7+ Ke8 34. Rxe7+ Kxe7 35. Qh7+ 1-0


[Site "https://www.chess.com"]

[Event "Titled Tuesday Blitz June 13 Early 2023"]
[White "Vyatkin, Dmitry"]
[Black "le-castor-faineant"]
[WhiteFideId "4171900"]
[WhiteElo "2279"]
[BlackElo "2198"]
[Result "1-0"]
[Round "4"]
[TimeControl "180+2"]
[Date "2023.06.13"]
[WhiteClock "0:02:23"]
[BlackClock "0:01:29"]
[Board "175"]

1. d4 Nf6 2. c4 g6 3. g3 Bg7 4. Bg2 O-O 5. Nc3 d6 6. Nf3 Nbd7 7. O-O e5 8. e4 exd4 9. Nxd4 a5 10. h3 Nc5 11. Re1 Re8 12. Qc2 Nfxe4 13. Nxe4 Bxd4 14. Bg5 f6 15. Bxf6 Bxf6 16. Nxf6+ Qxf6 17. Rxe8+ Kf7 18. Rae1 Bf5 19. Bd5+ Kg7 20. R1e7+ Kh6 21. Qd2+ g5 22. Rf7 Qxf7 23. Bxf7 Rxe8 24. Bxe8 1-0


[Site "https://www.chess.com"]

[Event "Titled Tuesday Blitz June 13 Early 2023"]
[White "Jaivardhan Raj"]
[Black "Estrada Nieto, Julian"]
[WhiteFideId "25744437"]
[BlackFideId "5101018"]
[WhiteElo "1772"]
[BlackElo "2161"]
[Result "1-0"]
[Round "4"]
[TimeControl "180+2"]
[Date "2023.06.13"]
[WhiteClock "0:00:45"]
[BlackClock "0:00:18"]
[Board "176"]

1. e4 e5 2. d4 exd4 3. Qxd4 Nc6 4. Qe3 Nf6 5. Nc3 Be7 6. Bd2 d5 7. exd5 Nxd5 8. Nxd5 Qxd5 9. Bd3 O-O 10. Ne2 Bf5 11. Nf4 Qd7 12. O-O-O Bxd3 13. Qxd3 Qxd3 14. Nxd3 Bd6 15. Rhe1 Rfe8 16. Bf4 Bxf4+ 17. Nxf4 Kf8 18. Nd5 Rxe1 19. Rxe1 Rc8 20. h4 Nd8 21. Nf4 c6 22. b3 Rc7 23. Rd1 Ke8 24. a4 Rd7 25. Rd2 g6 26. g4 Ke7 27. Re2+ Ne6 28. f3 Kf6 29. Nxe6 fxe6 30. c3 Rd5 31. Re4 a5 32. Kc2 e5 33. c4 Rd1 34. Kxd1 1-0


[Site "https://www.chess.com"]